 Dungeon Crawl Stone Soup version 0.28.0-43-g3370ac3207 (webtiles) character file.

Game seed: 12980853600739289232

5051 RepoMan the Slicer (level 10, 0/67 HPs)
             Began as a Tengu Berserker on Mar 2, 2022.
             Was a Priest of Trog.
             Engulfed by a steam dragon's steam (8 damage)
             ... on level 7 of the Dungeon.
             The game lasted 00:39:57 (8007 turns).

RepoMan the Slicer (Tengu Berserker)                Turns: 8007, Time: 00:39:57

Health: 0/67       AC:  7    Str: 17    XL:     10   Next: 56%
Magic:  11/11      EV: 15    Int:  8    God:    Trog [***...]
Gold:   183        SH:  5    Dex: 18    Spells: 9/9 levels left

rFire   . . .      SeeInvis .   w - +4 short sword
rCold   . . .      Faith    .   (no shield)
rNeg    . . .      Spirit   .   j - +0 ring mail
rPois   +          Reflect  +   (helmet restricted)
rElec   .          Harm     .   f - +1 cloak
rCorr   +          Rampage  .   (no gloves)
Will    .....                   (boots unavailable)
Stlth   +.........              r - amulet of reflection
HPRegen 0.21/turn               a - ring of resist corrosion
MPRegen 0.12/turn               d - ring of poison resistance

@: on berserk cooldown, flying quickly and evasively, studying Fighting, quick
A: beak, talons 3, nimble flight
a: Renounce Religion, Berserk, Trog's Hand


You were on level 7 of the Dungeon.
You worshipped Trog.
Trog was most pleased with you.
You visited 1 branch of the dungeon, and saw 7 of its levels.
You also visited: Bailey.

You collected 336 gold pieces.
You spent 153 gold pieces at shops.

Inventory:

Hand Weapons
 p - a +2 dagger of venom
 u - the +11 long sword of Decaying Offence {drain, Contam rN+ rCorr Str+5}
   (You bought it in a shop on level 2 of the Dungeon)

   A truly terrible weapon, it drains the life of any living foe it strikes.
   Str:       It affects your strength (+5).
   rN:        It protects you from negative energy.
   Contam:    It causes magical contamination when unequipped.
   rCorr:     It protects you from acid and corrosion.
 w - a +4 short sword (weapon)
 y - a +0 hand crossbow
Missiles
 t - 25 bolts
Armour
 f - a +1 cloak (worn)
 j - a +0 ring mail (worn)
 v - a +0 kite shield
Jewellery
 a - a ring of resist corrosion (left hand)
 d - a ring of poison resistance (right hand)
 m - a ring of positive energy
 r - an amulet of reflection (around neck)
Wands
 z - a wand of charming (2)
Scrolls
 b - a scroll of brand weapon
 c - a scroll of amnesia
 e - 5 scrolls of enchant armour
 g - 2 scrolls of noise {unknown}
 o - 3 scrolls of blinking
Potions
 h - 3 potions of curing {unknown}
 i - 2 potions of berserk rage {unknown}
 k - 3 potions of might {unknown}
 l - a potion of brilliance {unknown}
 n - 3 potions of heal wounds {unknown}
 q - a potion of degeneration {unknown}
 s - 3 potions of attraction {unknown}
 x - a potion of haste {unknown}


   Skills:
 * Level 9.7 Fighting
 + Level 12.9 Short Blades
 - Level 2.1 Armour
 + Level 4.0 Dodging
 + Level 2.8 Evocations


You had 9 spell levels left.
You didn't know any spells.
Your spell library was empty.

Dungeon Overview and Level Annotations

Branches:
Dungeon (7/15)             Temple (0/1) D:7          Bailey (visited)

Altars:
Cheibriados
Nemelex Xobeh

Shops:
D:2 (

Annotations:
D:3 2 transporters
D:5 2 runed translucent doors, aoei's ghost, novice DDFi


Innate Abilities, Weirdness & Mutations

You have a beak for a mouth.
You have claws for feet.
Your magical nature lets you fly swiftly and evasively.


Message History

You closely miss the centaur. You peck the centaur.
The centaur is moderately wounded.
The centaur barely misses you. x2
You barely miss the centaur. You peck the centaur, but do no damage.
The centaur is moderately wounded.
The steam dragon breathes steam at you. The ball of steam hits you!
The centaur closely misses you. You block the centaur's attack.
You hear a shout!
Something shouts, "Out, out, thou beslubbering boil-brained pissant!"
You hit the centaur. Your peck misses the centaur.
The centaur is moderately wounded.
You are engulfed in a cloud of scalding steam.
You feel yourself speed up. The centaur closely misses you.
The centaur kicks you but does no damage.
The centaur wields a +0 shortbow.
The centaur shoots an arrow.
The arrow hits you.
Items here: ( )))) [ ††.
Aiming: Charm
Press: ? - help, Shift-Dir - straight line, f - steam dragon, p - centaur
Aim: a steam dragon (steam, chance to affect: 55%)
The steam dragon resists with significant effort.
The centaur shoots an arrow.
You reflect the arrow off an invisible shield around you!
The arrow completely misses the centaur.
The steam dragon breathes steam at you. The ball of steam hits you!!
* * * LOW HITPOINT WARNING * * *
You are engulfed in a cloud of scalding steam.
* * * LOW HITPOINT WARNING * * *
Items here: ! )) [ †.
Okay, then.
Unknown command.
Unknown command.
Okay, then.
Unknown command.
Unknown command.
You are engulfed in a cloud of scalding steam.
You die...

*▒▒▒▒▒▒▒▒▒▒▒ ▒▒▒▒▒.▒▒▒..▒ ▒.).▒
,......▒_▒.▒ ▒.▒▒▒..▒ ▒...▒
,......≈≈≈.▒ ▒......▒ ▒....
,.....≈≈≈≈≈▒ ▒▒▒▒▒.▒▒ ▒....
,.....≈≈†≈≈▒ ▒.▒▒ ▒▒...
,.....≈≈≈≈≈▒▒▒ ▒..▒ ▒▒▒▒
*...▒▒.≈≈≈...▒ ▒▒.▒▒
*.,,*▒▒......▒▒▒▒▒▒▒▒▒▒▒..▒▒▒▒▒▒▒
*,,,* ▒.)'..cD§§@§§..............
*,,,* ▒▒▒▒...▒▒▒▒▒▒▒▒▒▒▒▒.▒▒▒▒▒▒▒
*,,,* *▒...▒ ▒..▒..... *,,,*
*▒....▒** ▒▒.▒.▒▒▒▒ *,,,*
▒....▒.g****** ▒...▒ ▒
*,,,***▒..▒..g▒.,,,,*** ▒▒..▒ ▒
*,,,**..▒...▒..,▒,,,,,****▒..▒ ▒
,,,,,,▒...▒...▒.,,*,,,,,,,▒▒.▒ ▒
,*,,*,..▒...▒,..▒,,,*,,,,,,..▒ ▒


There were no monsters in sight!

Vanquished Creatures
  Grinder (D:3)
  Prince Ribbit (D:5)
  Sigmund (D:5)
  A black bear (D:6)
  3 sky beasts
  3 ice beasts
  13 orc warriors
  2 ogres
  8 centaurs (Bailey)
  3 phantoms
  Blork the orc (D:5)
  2 bullfrogs (D:6)
  A gnoll sergeant (D:6)
  2 scorpions
  9 wights
  A howler monkey (D:6)
  A centaur zombie (D:7)
  4 jellies
  Crazy Yiuf (D:3)
  A hound (D:5)
  2 orc priests
  A gnoll shaman (D:7)
  4 iguanas
  4 orc wizards
  2 killer bee zombies
  7 adders
  11 gnolls
  A worm (D:3)
  5 dart slugs
  33 orcs
  8 endoplasms
  4 giant cockroaches
  7 goblins
  5 hobgoblins
  4 jackals (D:1)
  3 quokkas
  4 ball pythons
  5 bats
  4 frilled lizards
  4 kobolds
  8 rats
185 creatures vanquished.

Notes
Turn   | Place    | Note
-------+----------+-------------------------------------------
     0 | D:1      | RepoMan the Tengu Berserker began the quest for the Orb.
     0 | D:1      | Reached XP level 1. HP: 14/14 MP: 2/2
   164 | D:1      | Reached XP level 2. HP: 14/19 MP: 3/3
   427 | D:1      | Reached skill level 4 in Short Blades
   774 | D:1      | Reached XP level 3. HP: 20/23 MP: 4/4
   816 | D:1      | Reached ** piety under Trog
  1369 | D:2      | Found a faded altar of an unknown god.
  1635 | D:2      | Found Kuhut's Antique Weapon Shoppe.
  1803 | D:3      | Noticed Grinder
  1816 | D:3      | Killed Grinder
  1817 | D:3      | Reached skill level 6 in Short Blades
  1817 | D:3      | Reached XP level 4. HP: 20/30 MP: 5/5
  1817 | D:3      | Gained mutation: Your magical nature lets you fly swiftly
                  | and evasively. [Tengu growth]
  1817 | D:3      | Reached XP level 5. HP: 23/34 MP: 6/6
  1817 | D:3      | Reached XP level 6. HP: 26/39 MP: 7/7
  1899 | D:3      | Found a runed translucent door.
  1900 | D:3      | Noticed Crazy Yiuf
  1909 | D:3      | Killed Crazy Yiuf
  1958 | D:3      | Found a transporter.
  2053 | D:3      | Found a transporter.
  2592 | D:4      | Reached skill level 7 in Short Blades
  2792 | D:3      | Reached skill level 5 in Fighting
  2792 | D:3      | Reached XP level 7. HP: 34/41 MP: 8/8
  3746 | D:5      | Entered Level 5 of the Dungeon
  3766 | D:5      | Reached skill level 8 in Short Blades
  3927 | D:5      | Reached XP level 8. HP: 51/51 MP: 9/9
  3985 | D:5      | Noticed Sigmund
  3990 | D:5      | Noticed Blork the orc
  3994 | D:5      | Killed Sigmund
  3995 | D:5      | Reached skill level 9 in Short Blades
  3997 | D:5      | Killed Blork the orc
  4118 | D:5      | Noticed Prince Ribbit
  4126 | D:5      | Killed Prince Ribbit
  4129 | D:5      | Reached skill level 10 in Short Blades
  4249 | D:5      | Found a large runed translucent door.
  4250 | D:5      | Found a large runed translucent door.
  4342 | D:5      | Found a sparkling altar of Nemelex Xobeh.
  4458 | D:5      | Noticed aoei's ghost (novice DDFi)
  4621 | D:2      | Bought a blackened long sword for 153 gold pieces
  4621 | D:2      | Identified the +11 long sword of Decaying Offence {drain,
                  | Contam rN+ rCorr Str+5} (You bought it in a shop on level 2
                  | of the Dungeon)
  4749 | D:6      | Reached XP level 9. HP: 45/57 MP: 10/10
  5043 | D:6      | Reached skill level 11 in Short Blades
  5049 | D:6      | Reached *** piety under Trog
  5796 | D:6      | Reached skill level 12 in Short Blades
  6070 | D:7      | Found a flagged portal.
  6166 | Bailey   | Entered a bailey
  6241 | Bailey   | Reached **** piety under Trog
  6311 | Bailey   | Reached XP level 10. HP: 45/65 MP: 11/11
  6514 | Bailey   | Reached skill level 1 in Evocations
  7901 | D:7      | Found a snail-covered altar of Cheibriados.
  8007 | D:7      | Engulfed by a steam dragon's steam

Illustrated notes

Levels and vault maps discovered:
D:1:      mushboom_english_gardens, layout_loops_ring
D:2:      layout_rooms, dreamdust_ecumenical_altar_statues, serial_shops,
          nicolae_shop_stone, roderic_serpentine_path
D:3:      gammafunk_steamed_eel, layout_rooms, minmay_misc_feat_x,
          uniq_crazy_yiuf_cottage, uniq_grinder
D:4:      layout_cave_pools
D:5:      layout_basic, mainiacjoe_overflow_concentric_impassable,
          ebering_ghost_disaster_area, uniq_prince_ribbit1, uniq_blork_the_orc,
          uniq_sigmund
D:6:      layout_basic, grunt_decor_cap
D:7:      layout_basic, kennysheep_slug_shrine, minmay_temple_entry_poolview,
          enter_bailey_8, hex_large, small_statue_intersection, uniq_duvessa

Skill      XL: |  1  2  3  4  5  6  7  8  9 10 |
---------------+-------------------------------+-----
Short Blades   | 4 6 7 8 10 12 | 12.9
Fighting       | 4 5 7 8 9 |  9.7
Evocations     | 2 |  2.8
Dodging        | 4 |  4.0
Armour         | |  2.1

Action                   |  1- 3 |  4- 6 |  7- 9 | 10-12 || total
-------------------------+-------+-------+-------+-------++-------
Melee: Short sword       |    38 |       |   301 |   141 ||   480
       Kick              |    23 |    37 |   103 |    54 ||   217
       Peck              |    11 |    19 |    55 |    42 ||   127
       Punch             |     2 |     1 |     2 |     1 ||     6
       Dagger            |    49 |   102 |     8 |       ||   159
       Falchion          |       |     7 |       |       ||     7
 Fire: Hand crossbow     |       |     2 |       |    30 ||    32
Invok: Berserk           |     1 |     3 |     7 |     6 ||    17
       Trog's Hand       |     1 |     1 |     1 |       ||     3
Evoke: Wand              |       |       |       |     4 ||     4
  Use: Scroll            |       |       |     5 |       ||     5
Armor: Animal skin       |    10 |       |       |       ||    10
       Ring mail         |     1 |    16 |    31 |    30 ||    78
Dodge: Dodged            |    34 |    42 |    80 |    75 ||   231
Block: Other             |       |     3 |    39 |    23 ||    65
       Reflection        |       |       |       |     1 ||     1
